 Dungeon Crawl Stone Soup version 0.24.0-13-gcf9b319 (webtiles) character file.

Game seed: 7291235946852468025, levelgen mode: deterministic

437 Fang the Skirmisher (level 7, -1/44 HPs)
             Began as a Gargoyle Berserker on Dec 12, 2019.
             Was a Priest of Trog.
             Killed from afar by Dowan (9 damage)
             ... with a stone arrow
             ... on level 4 of the Dungeon.
             The game lasted 00:03:26 (3310 turns).

Fang the Skirmisher (Gargoyle Berserker)            Turns: 3310, Time: 00:03:26

Health: -1/44      AC: 14    Str: 23    XL:     7   Next: 1%
Magic:  7/7        EV:  9    Int:  7    God:    Trog [***...]
Gold:   88         SH:  0    Dex:  9    Spells: 6/6 levels left

rFire    . . .     SeeInvis .   a - +0 war axe
rCold    . . .     Gourm    .   (no shield)
rNeg     + . .     Faith    .   b - +0 chain mail
rPois    ∞         Spirit   .   (no helmet)
rElec    +         Reflect  .   (no cloak)
rCorr    .         Harm     .   (no gloves)
MR       .....                  (no boots)
Stlth    ..........             (no amulet)
HPRegen  0.14/turn              (no ring)
MPRegen  0.10/turn              (no ring)

@: berserk cooldown, slowed, very slow
A: negative energy resistance 1, electricity resistance, unbreathing,
petrification resistance, rot immunity, AC +4
a: Berserk, Trog's Hand, Renounce Religion


You were on level 4 of the Dungeon.
You worshipped Trog.
Trog was most pleased with you.
You were near starving.

You visited 1 branch of the dungeon, and saw 4 of its levels.

You collected 88 gold pieces.

Inventory:

Hand Weapons
 a - a +0 war axe (weapon)
Armour
 b - a +0 chain mail (worn)
Scrolls
 d - a scroll of fog {unknown}
 f - 2 scrolls of amnesia {unknown}
 g - 2 scrolls of enchant weapon {unknown}
 h - a scroll of identify {unknown}
 i - a scroll of fear {unknown}
 l - 2 scrolls of remove curse {unknown}
 n - a scroll of enchant armour {unknown}
 o - a scroll of teleportation {unknown}
Potions
 e - 2 potions of curing {unknown}
 j - a potion of haste {unknown}
 k - 2 potions of heal wounds {unknown}
 p - a potion of degeneration {unknown}
 q - 2 potions of mutation {unknown}
Comestibles
 c - 13 rations
 m - 5 chunks of flesh


   Skills:
 + Level 5.0 Fighting
 + Level 4.1 Axes
 + Level 4.3 Armour
 + Level 3.2 Dodging


You had 6 spell levels left.
You didn't know any spells.
Your spell library was empty.

Dungeon Overview and Level Annotations

Branches:
Dungeon (4/15)
 Temple: D:4-7

Altars:
Elyvilon
Hepliaklqana
Sif Muna
The Shining One

Annotations:
D:3 2 transporters, antigravityiii's ghost, amateur DsVM
D:4 Dowan


Innate Abilities, Weirdness & Mutations

You are resistant to torment.
Your stone body is resilient. (AC +4)
You are immune to poison.
You resist negative energy. (rN+)
You are resistant to electric shocks. (rElec)
You can survive without breathing.
You are immune to petrification.
You are immune to rotting.


Message History

Dowan is severely wounded.
Dowan gestures at you while chanting. The stone arrow hits you!
* * * LOW HITPOINT WARNING * * *
Dowan hits you but does no damage.
You barely miss Dowan.
Dowan is severely wounded.
Dowan hits you but does no damage. Dowan barely misses you.
You closely miss Dowan.
Dowan is severely wounded.
Dowan hits you but does no damage. Dowan barely misses you.
You hit Dowan but do no damage.
Dowan is severely wounded.
Dowan closely misses you. Dowan hits you but does no damage.
You closely miss Dowan.
Dowan is severely wounded.
Dowan hits you but does no damage. Dowan casts a spell at you.
The stone arrow hits you!
You die...

.### ....
#..# #...
#..# #..#
#.e####
###.@...#
#....##.#
#.##)##.#
#
#)##.###
#......#
####.#.#
#.#.#
#.#.####
.#
#......#
# .#


You could see Dowan.

Vanquished Creatures
  Duvessa (D:4)
  A scorpion (D:3)
  A crimson imp (D:3)
  A centaur zombie (D:3)
  A worker ant (D:2)
  2 orc wizards
  4 adders (D:2)
  An ooze (D:3)
  A worm (D:3)
  An adder skeleton (D:3)
  2 dart slugs (D:1)
  A leopard gecko (D:2)
  12 orcs
  4 giant cockroaches
  8 goblins
  7 hobgoblins
  7 kobolds
  2 ball pythons (D:2)
  6 bats
  A frilled lizard (D:2)
  12 rats
76 creatures vanquished.

Vanquished Creatures (others)
  An orc wizard (D:4)
  A kobold (D:3)
  A rat (D:3)
3 creatures vanquished.

Grand Total: 79 creatures vanquished

Notes
Turn   | Place    | Note
-------+----------+-------------------------------------------
     0 | D:1      | Fang the Gargoyle Berserker began the quest for the Orb.
     0 | D:1      | Reached XP level 1. HP: 14/14 MP: 1/1
   228 | D:1      | Reached XP level 2. HP: 19/19 MP: 2/2
   612 | D:1      | Reached XP level 3. HP: 16/23 MP: 3/3
   641 | D:1      | Reached ** piety under Trog
  1130 | D:2      | Reached skill level 4 in Fighting
  1130 | D:2      | Reached XP level 4. HP: 22/29 MP: 4/4
  1260 | D:2      | Found a white marble altar of Elyvilon.
  1401 | D:2      | Found a hazy altar of Hepliaklqana.
  1594 | D:2      | Found a glowing golden altar of the Shining One.
  1746 | D:2      | Found a shimmering blue altar of Sif Muna.
  1891 | D:3      | Reached XP level 5. HP: 31/33 MP: 5/5
  1981 | D:3      | Found a white marble altar of Elyvilon.
  1987 | D:3      | Noticed a phantom
  1998 | D:3      | Reached XP level 6. HP: 20/39 MP: 6/6
  2238 | D:3      | Found a transporter.
  2239 | D:3      | Noticed antigravityiii's ghost (amateur DsVM)
  2250 | D:3      | Found a transporter.
  3223 | D:4      | Noticed Duvessa
  3225 | D:4      | Noticed Dowan
  3271 | D:4      | Killed Duvessa
  3271 | D:4      | Reached *** piety under Trog
  3272 | D:4      | Reached skill level 5 in Fighting
  3283 | D:4      | Reached XP level 7. HP: 20/44 MP: 7/7
  3310 | D:4      | Killed from afar by Dowan

Levels and vault maps discovered:
D:1:      dpeg_arrival_radiant, layout_loops_ring
D:2:      layout_loops_ring, lemuel_blue_sif_altar, old_standard_altar,
          lemuel_crystal_altar, lemuel_doored_altar, first_ration, minivault_19,
          bh_chokoban, fountainhead
D:3:      layout_loops_ring, gammafunk_ghost_mausoleum, elyvilon_altar_4
D:4:      layout_loops_ring, grunt_dithmenos_smoke_and_mirrors,
          uniq_crazy_yiuf_cottage, uniq_duvessa

Skill      XL: |  1  2  3  4  5  6 |
---------------+-------------------+-----
Axes           | 3 4 |  4.1
Dodging        | 2 3 |  3.2
Fighting       | 4 5 |  5.0
Armour         | 3 4 |  4.3

Action                   |  1- 3 |  4- 6 |  7- 9 || total
-------------------------+-------+-------+-------++-------
Melee: Hand axe          |   133 |   165 |       ||   298
       War axe           |       |    39 |    17 ||    56
Invok: Berserk           |     1 |     1 |     1 ||     3
       Trog's Hand       |       |       |     1 ||     1
  Eat: Chunk             |     1 |     8 |       ||     9
Armor: Animal skin       |    56 |    52 |       ||   108
       Chain mail        |       |    49 |    12 ||    61
Dodge: Dodged            |   100 |    97 |     7 ||   204
